 Dungeon Crawl Stone Soup version 0.31.0-12-g77e489cdc1 (webtiles) character file.

Game seed: 11928080696792658801

4256 spaghetti the Fighter (level 10, 0/89 HPs)
             Began as a Demonspawn Chaos Knight on Mar 2, 2024.
             Was a Plaything of Xom.
             Succumbed to a kobold brigand's curare-tipped dart
             ... on level 7 of the Dungeon.
             The game lasted 00:11:33 (5270 turns).

spaghetti the Fighter (Demonspawn Chaos Knight)     Turns: 5270, Time: 00:11:34

Health: 0/89       AC:  9    Str: 16    XL:     10   Next: 10%
Magic:  26/26      EV: 11    Int: 15    God:    Xom [...*..]
Gold:   892        SH:  0    Dex: 26    Spells: 7/18 levels left

rFire   + . .        x - +0 dire flail (venom)
rCold   + . .        (shield currently unavailable)
rNeg    . . .        b - +2 leather armour
rPois   +            q - +3 hat of Pondering {ponderous, Will+ MP+10 Int+5}
rElec   +            (no cloak)
rCorr   +            (no gloves)
SInv    .            (no boots)
Will    +....        p - amulet of magic regeneration
Stlth   ++           z - +6 ring of dexterity
HPRegen 0.34/turn    (no ring)
MPRegen 0.60/turn

%: no passive effects
@: lethally poisoned (0 -> -1), resistant, slowed, very slow
A: powered by death 2, weakness stinger 1, demonic touch 1, hooves 1, agile 2,
shaggy fur 1, evolution 1
a: Renounce Religion


You were on level 7 of the Dungeon.
You worshipped Xom.
You were a favourite toy of Xom.
You visited 1 branch of the dungeon, and saw 7 of its levels.
You also visited: Ossuary.

You collected 892 gold pieces.

Inventory:

Hand Weapons
 a - a +0 mace of chaos
 v - the +8 rapier of Xom, Piercing {flame, rN+ Stlth+}
   (Xom gifted it to you on level 5 of the Dungeon)

   rN+:       It protects you from negative energy.
   Stlth+:    It makes you more stealthy.
 x - a +0 dire flail of venom (weapon)
 E - the +3 hammer of Tumult {flame, Dex+3}
   (You found it on level 6 of the Dungeon)

   Dex+3:     It affects your dexterity (+3).
Missiles
 y - 2 atropa-tipped darts
Armour
 b - a +2 leather armour (worn)
 d - the +6 ring mail "Waegu" {SInv}
   (You found it on level 6 of the Dungeon)

   SInv:      It lets you see invisible.
 q - the +3 hat of Pondering (worn) {ponderous, Will+ MP+10 Int+5}
   (You acquired it on level 4 of the Dungeon)

   Int+5:     It affects your intelligence (+5).
   Will+:     It increases your willpower.
   MP+10:     It affects your magic capacity (+10).
Jewellery
 p - an amulet of magic regeneration (around neck)
 w - an amulet of regeneration
 z - a +6 ring of dexterity (left hand)
 A - a ring of magical power
Wands
 o - a wand of flame (46)
 r - a wand of paralysis (8)
 B - a wand of polymorph (1)
Scrolls
 c - a scroll of butterflies
 e - 4 scrolls of teleportation
 f - 2 scrolls of vulnerability
 k - 4 scrolls of identify
 m - a scroll of poison
 u - a scroll of blinking
 C - a scroll of immolation
 D - a scroll of revelation
Potions
 g - a potion of brilliance
 l - 2 potions of attraction


   Skills:
 - Level 11.7 Fighting
 - Level 9.2 Maces & Flails
 - Level 1.7 Armour
 - Level 0.8 Dodging
 + Level 4.5 Spellcasting
 + Level 5.5 Necromancy


You had 7 spell levels left.
You knew the following spells:

 Your Spells              Type           Power      Damage    Failure   Level
a - Necrotise             Necr           80%        1d8       2%          1
b - Sublimation of Blood  Necr           20%        N/A       3%          2
c - Blink                 Tloc           6%         N/A       32%         2
d - Call Imp              Summ           6%         N/A       32%         2
e - Anguish               Hex/Necr       5%         N/A       56%         4

Your spell library contained the following spells:

 Spells                   Type           Power      Damage    Failure   Level
 Apportation              Tloc           6%         N/A       22%         1
 Magic Dart               Conj           12%        1d3       22%         1
 Jinxbite                 Hex            6%         N/A       32%         2
 Mercury Vapours          Alch/Air       6%         N/A       32%         2
 Curse of Agony           Necr           20%        N/A       52%         5
 Alistair's Intoxication  Alch           2%         N/A       99%         5


Dungeon Overview and Level Annotations

Branches:
Dungeon (7/15)             Temple (0/1) D:5         Ossuary (visited)

Altars:
Cheibriados
Dithmenos
Ru
Sif Muna
Trog
Uskayaw

Annotations:
D:5 2 runed translucent doors, Aminik's ghost, novice DsBr


Innate Abilities, Weirdness & Mutations

You regenerate health from kills.
You have a small tail.
Your touch may inflict minor irresistible damage on your foes.
You have large cloven feet.
You are very agile. (Dex +8, Str/Int -2)
You are covered in fur. (AC +1)
You have hidden genetic potential.


Message History

Unknown command.
You see here the +6 ring mail "Waegu" {SInv}.
d - the +6 ring mail "Waegu" {SInv} A kobold is nearby!
The kobold throws a stone.
The stone closely misses you.
The kobold throws a stone.
The stone closely misses you.
The kobold brigand throws a curare-tipped dart.
The curare-tipped dart hits you.
You are poisoned.
You have difficulty breathing.
* * * LOW HITPOINT WARNING * * *
You feel as though you will be slow longer.
There is an escape hatch in the floor here.
Unknown command.
You feel protected.
* * * LOW HITPOINT WARNING * * *
You feel very sick.
* * * LOW HITPOINT WARNING * * *
You feel very sick.
You slide downwards.
The hatch slams shut behind you.
* * * LOW HITPOINT WARNING * * *
You feel sick.
Unknown command.
Unknown command.
Unknown command.
Unknown command.
You are lethally poisoned (4 -> -1).
You are resistant to the elements.
You are slowed.
Your movement speed is very slow.
Your attack delay is about 1.2.
Your damage rating with your +0 dire flail of venom is about 21 (Base 13 x 115% (Str) x 141% (Skill)).
Your base attributes are Str 18, Int 12, Dex 12.
* * * LOW HITPOINT WARNING * * *
You feel sick.
You start removing your amulet.
You continue taking off your amulet of magic regeneration.
* * * LOW HITPOINT WARNING * * *
You feel sick.
You continue taking off your amulet of magic regeneration.
You die...
Xom bursts into laughter!

# # ##.# ..
..... #.#
......###.h#
#......@..^#
...........#
......##....#
.#####
.......
....#.# ....#
# ...#.
#.##.#


You could see a howler monkey (asleep).

Vanquished Creatures
  Eustachio (D:5)
  Edmund (D:5)
  An orc warrior (D:5)
  2 black bears
  2 lemures (D:4)
  2 phantoms
  Blork the orc (D:5)
  A weeping skull (Ossuary)
  A kobold brigand (D:6)
  A scorpion (D:6)
  A centaur zombie (Ossuary)
  8 hounds
  A human zombie (Ossuary)
  4 orc priests
  3 jellies
  Ijyb (D:4)
  Crazy Yiuf (D:6)
  4 iguanas
  4 orc wizards
  A killer bee zombie (Ossuary)
  A crocodile zombie (Ossuary)
  A hound zombie (Ossuary)
  4 hound skeletons (D:4)
  3 mummies (Ossuary)
  5 adders
  A white imp (D:5)
  3 ufetubi (D:5)
  2 adder skeletons (D:4)
  4 adder zombies
  3 dart slugs
  13 orcs
  3 ball pythons
  7 endoplasms
  2 giant cockroaches
  A gnoll zombie (Ossuary)
  5 goblins
  9 hobgoblins
  3 jackals (D:4)
  16 kobolds
  6 quokkas
  4 ball python zombies (Ossuary)
  5 bats
  2 frilled lizards
  7 jackal zombies (Ossuary)
  2 kobold zombies (Ossuary)
  3 orc zombies (Ossuary)
  7 rats
163 creatures vanquished.

Vanquished Creatures (collateral kills)
  Pikel (D:4)
  A quokka (D:4)
2 creatures vanquished.

Vanquished Creatures (others)
  Prince Ribbit (D:5)
  An elf zombie (Ossuary)
  A centaur zombie (Ossuary)
  An orc wizard (D:5)
4 creatures vanquished.

Grand Total: 169 creatures vanquished

Notes
Turn   | Place    | Note
-------+----------+-------------------------------------------
     0 | D:1      | spaghetti the Demonspawn Chaos Knight began the quest for
                  | the Orb.
     0 | D:1      | Reached XP level 1. HP: 18/18 MP: 1/1
    63 | D:1      | XOM: silly message
    98 | D:1      | Found a faded altar of an unknown god.
   112 | D:1      | Gained mutation: You regenerate a little health from kills.
                  | [demonic ancestry]
   112 | D:1      | Reached XP level 2. HP: 21/24 MP: 2/2
   190 | D:1      | XOM: divination: detect items
   224 | D:1      | XOM: divination: detect creatures
   699 | D:2      | XOM: noise
   708 | D:2      | Reached XP level 3. HP: 27/29 MP: 3/3
   751 | D:2      | XOM: 1-stop teleportation journey
   849 | D:2      | Found a sacrificial altar of Ru.
  1032 | D:2      | You fall into a shaft and drop 1 floor!
  1298 | D:3      | XOM: potion effect (brilliance)
  1306 | D:3      | Reached XP level 4. HP: 22/35 MP: 4/4
  1317 | D:3      | Reached skill level 5 in Maces & Flails
  1465 | D:3      | XOM: silly message
  1467 | D:3      | Reached XP level 5. HP: 17/41 MP: 5/5
  1574 | D:3      | Found a snail-covered altar of Cheibriados.
  1896 | D:3      | XOM: give mutation
  1896 | D:3      | Gained mutation: You are covered in fur. (AC +1) [Xom's
                  | mischief]
  2155 | D:4      | XOM: scenery: summon butterflies
  2159 | D:4      | Noticed a lemure
  2160 | D:4      | XOM: confuse monster(s)
  2174 | D:4      | Killed a lemure
  2180 | D:4      | XOM: blink monster(s)
  2182 | D:4      | XOM: cast spell 'Summon Horrible Things'
  2183 | D:4      | XOM: smoke on damage
  2184 | D:4      | Killed a lemure
  2187 | D:4      | Noticed Pikel
  2188 | D:4      | Noticed a lemure
  2190 | D:4      | Noticed a lemure
  2191 | D:4      | Noticed a lemure
  2192 | D:4      | Killed Pikel
  2193 | D:4      | Reached XP level 6. HP: 11/47 MP: 6/6
  2193 | D:4      | Discovered your monstrous ancestry.
  2193 | D:4      | Gained mutation: You have a small tail. [demonic ancestry]
  2193 | D:4      | Reached XP level 7. HP: 13/52 MP: 7/7
  2397 | D:4      | Identified 2 scrolls of acquirement
  2397 | D:4      | Acquired 520 gold pieces
  2399 | D:4      | Acquired the +3 hat of Pondering {ponderous, Will+ MP+10
                  | Int+5}
  2399 | D:4      | Found the +3 hat of Pondering {ponderous, Will+ MP+10
                  | Int+5}
  2440 | D:4      | Found the +3 giant club "Skullcrusher" {speed, Str+7}
  2441 | D:4      | Noticed Ijyb
  2453 | D:4      | Killed Ijyb
  2640 | D:4      | Got the Cyclopedia of Unholy Acts
  2654 | D:4      | Learned a level 1 spell: Necrotise
  2673 | D:4      | XOM: enchant monster (good)
  2692 | D:4      | Found a sand-covered staircase.
  2704 | Ossuary  | Entered an ossuary
  2761 | Ossuary  | Reached skill level 1 in Necromancy
  2802 | Ossuary  | XOM: cloud trail
  2916 | Ossuary  | XOM: summons 4 hostile demons
  2922 | Ossuary  | Reached skill level 1 in Spellcasting
  3113 | Ossuary  | XOM: divine lightning
  3146 | Ossuary  | XOM: potion effect (curing)
  3275 | Ossuary  | Gained mutation: Your touch may inflict minor irresistible
                  | damage on your foes. [demonic ancestry]
  3275 | Ossuary  | Reached XP level 8. HP: 41/58 MP: 10/10
  3620 | D:5      | Entered Level 5 of the Dungeon
  3654 | D:5      | Noticed Edmund
  3674 | D:5      | Killed Edmund
  3715 | D:5      | XOM: god gift: 2 atropa-tipped darts
  3804 | D:5      | XOM: summons 3 friendly demons
  3835 | D:5      | Noticed Blork the orc
  3845 | D:5      | Killed Blork the orc
  3865 | D:5      | Found a hide-covered altar of Uskayaw.
  3950 | D:5      | Noticed Eustachio
  3983 | D:5      | Killed Eustachio
  4011 | D:5      | Noticed Prince Ribbit
  4016 | D:5      | Killed Prince Ribbit
  4016 | D:5      | XOM: divine lightning
  4054 | D:5      | XOM: god gift: scroll of teleportation
  4084 | D:5      | HP: 2/58 [white imp/puff of frost (7)]
  4086 | D:5      | Reached skill level 11 in Fighting
  4086 | D:5      | Gained mutation: You regenerate health from kills. [demonic
                  | ancestry]
  4086 | D:5      | Reached XP level 9. HP: 7/82 MP: 14/14
  4086 | D:5      | XOM: polymorph white imp -> ufetubus
  4350 | D:5      | Learned a level 2 spell: Sublimation of Blood
  4370 | D:5      | Found a shadowy altar of Dithmenos.
  4377 | D:5      | XOM: cloud trail
  4384 | D:5      | Found a bloodstained altar of Trog.
  4447 | D:5      | Found a shimmering blue altar of Sif Muna.
  4457 | D:5      | Got Sif Muna's Octavo of Virulence
  4531 | D:5      | Found a staircase to the Ecumenical Temple.
  4568 | D:5      | XOM: cast spell 'Disjunction'
  4621 | D:5      | XOM: god gift: pitted rapier {god gift}
  4621 | D:5      | Identified the +8 rapier of Xom, Piercing {flame, rN+
                  | Stlth+} (Xom gifted it to you on level 5 of the Dungeon)
  4646 | D:5      | XOM: give mutations
  4646 | D:5      | Gained mutation: You are somewhat resistant to further
                  | mutation. [Xom's grace]
  4646 | D:5      | Gained mutation: You are agile. (Dex +4, Str/Int -1) [Xom's
                  | grace]
  4658 | D:5      | Found a large runed translucent door.
  4659 | D:5      | Found a large runed translucent door.
  4661 | D:5      | Noticed Aminik's ghost (novice DsBr)
  4670 | D:5      | XOM: give mutations
  4670 | D:5      | Lost mutation: You are somewhat resistant to further
                  | mutation. [Xom's grace]
  4670 | D:5      | Gained mutation: You have hidden genetic potential. [Xom's
                  | grace]
  4670 | D:5      | Gained mutation: You have large cloven feet. [Xom's grace]
  4670 | D:5      | Gained mutation: You are very agile. (Dex +8, Str/Int -2)
                  | [Xom's grace]
  4754 | D:5      | XOM: god gift: runed copper wand {god gift}
  4850 | D:6      | Reached skill level 5 in Necromancy
  4862 | D:6      | Reached XP level 10. HP: 89/89 MP: 16/16
  4892 | D:6      | XOM: scenery: summon butterflies
  5010 | D:6      | Identified the +6 ring mail "Waegu" {SInv}
  5162 | D:6      | Learned a level 2 spell: Blink
  5165 | D:6      | Learned a level 2 spell: Call Imp
  5170 | D:6      | Learned a level 4 spell: Anguish
  5182 | D:6      | Found a runed translucent door.
  5183 | D:6      | Identified the +3 hammer of Tumult {flame, Dex+3}
  5183 | D:6      | Noticed Crazy Yiuf
  5189 | D:6      | Killed Crazy Yiuf
  5249 | D:6      | XOM: repel stairs
  5266 | D:6      | HP: 4/89 [poisoned by a kobold brigand (curare-tipped
                  | dart)]
  5269 | D:7      | HP: 1/89 [poisoned by a kobold brigand (curare-tipped
                  | dart)]
  5270 | D:7      | Succumbed to a kobold brigand's curare-tipped dart

Illustrated notes

Levels and vault maps discovered:
D:1:      lightli_arrival_windingriver, layout_loops_ring,
          dreamdust_ecumenical_altar_statues
D:2:      layout_basic, basic_altar, minmay_misc_feat_rugged,
          kennysheep_generic_room_5
D:3:      layout_basic, mainiacjoe_overflow_24_doors
D:4:      layout_cave_pools, mainiacjoe_ossuary_entry_find_the_door, uniq_pikel,
          uniq_ijyb
D:5:      layout_loops_ring, nzn_overflow_gifts_of_might_and_magic,
          eat_drink_and_be_merry_uskayaw, kennysheep_mini_moat,
          minmay_temple_entry_mist, ebering_ghost_disaster_area, uniq_eustachio,
          uniq_blork_the_orc, uniq_edmund, uniq_prince_ribbit1
D:6:      layout_basic, lemuel_coloured_pillars_altar, uniq_crazy_yiuf_cottage
D:7:      layout_loops_ring, gammafunk_ghost_abyssal_escape

Skill      XL: |  1  2  3  4  5  6  7  8  9 |
---------------+----------------------------+-----
Maces & Flails | 3 4 5 7 8 9 |  9.2
Necromancy     | 2 4 5 |  5.5
Spellcasting   | 1 3 4 |  4.5
Fighting       | 11 | 11.7
Armour         | |  1.7
Dodging        | |  0.8

Action                     |  1- 3 |  4- 6 |  7- 9 | 10-12 || total
---------------------------+-------+-------+-------+-------++-------
  Melee: Mace              |   125 |    87 |       |       ||   212
         Punch             |     1 |       |     6 |     1 ||     8
         Whip              |       |       |   276 |       ||   276
         Tailslap          |       |       |    69 |     2 ||    71
         Dire flail        |       |       |   114 |     6 ||   120
         Touch             |       |       |     9 |     1 ||    10
         Rapier            |       |       |     4 |     7 ||    11
         Kick              |       |       |     2 |     2 ||     4
   Cast: Necrotise         |       |       |    48 |    37 ||    85
    Use: Scroll            |     6 |     1 |     5 |     3 ||    15
         Potion            |     1 |     2 |     5 |     2 ||    10
   Stab: Confused          |       |     2 |       |       ||     2
         Paralysed         |       |       |     2 |       ||     2
 Armour: Leather armour    |    80 |    33 |   289 |    42 ||   444
         Plate armour      |       |    44 |       |       ||    44
  Dodge: Dodged            |    74 |    26 |   224 |    30 ||   354
